 Dungeon Crawl Stone Soup version 0.28-a0-1312-g71652a0310 (webtiles) character file.

Game seed: 2942656637055818139

100 bearlyready the Slasher (level 4, 0/39 HPs)
             Began as a Minotaur Cinder Acolyte on Dec 27, 2021.
             Was a High Priest of Ignis.
             Succumbed to an orc wizard's poison
             ... on level 3 of the Dungeon.
             The game lasted 00:02:01 (2098 turns).

bearlyready the Slasher (Minotaur Cinder Acolyte)   Turns: 2098, Time: 00:02:02

Health: 0/39       AC: 10    Str: 21    XL:     4   Next: 47%
Magic:  4/4        EV:  5    Int: 11    God:    Ignis [*****.]
Gold:   67         SH:  0    Dex:  5    Spells: 5/5 levels left

rFire   + . .      SeeInvis .   a - -1 falchion (flame)
rCold   . . .      Faith    .   (no shield)
rNeg    . . .      Spirit   .   h - +0 plate armour
rPois   .          Reflect  .   (helmet restricted)
rElec   .          Harm     .   (no cloak)
rCorr   .          Rampage  .   (no gloves)
Will    .....                   (no boots)
Stlth   ..........              (no amulet)
HPRegen 0.13/turn               (no ring)
MPRegen 0.09/turn               (no ring)

@: lethally poisoned (0 -> -4), hasted, very quick
A: horns 2, retaliatory headbutt
a: Renounce Religion, Fiery Armour, Foxfire Swarm, Rising Flame


You were on level 3 of the Dungeon.
You worshipped Ignis.
Ignis was extremely pleased with you.
You visited 1 branch of the dungeon, and saw 3 of its levels.

You collected 67 gold pieces.

Inventory:

Hand Weapons
 a - a -1 falchion of flaming (weapon)
Missiles
 g - 52 stones (quivered)
 i - 27 bolts
Armour
 b - a +0 robe
 d - a +0 chain mail
 h - a +0 plate armour (worn)
Scrolls
 c - 3 scrolls of identify {unknown}
 k - a scroll of acquirement {unknown}
 l - a scroll of teleportation {unknown}


   Skills:
 - Level 3.6 Fighting
 + Level 6.4 Long Blades
 - Level 1.0 Spellcasting
 - Level 2.1 Fire Magic


You had 5 spell levels left.
You didn't know any spells.
Your spell library contained the following spells:

 Spells                   Type           Power      Damage    Failure   Level
 Scorch                   Fire           10%        2d6       100%        2


Dungeon Overview and Level Annotations

Branches:
Dungeon (3/15)

Altars:


Innate Abilities, Weirdness & Mutations

You have a pair of horns on your head.
You reflexively headbutt those who attack you in melee.


Message History

You feel extremely sick.
The orc wizard hits you but does no damage.
You are more poisoned.
It was a potion of attraction.
You feel attractive to monsters.
* * * LOW HITPOINT WARNING * * *
You feel extremely sick.
The orc wizard hits you with a +3 dagger of venom.
* * * LOW HITPOINT WARNING * * *
It was a potion of curing.
You feel better.
The orc wizard hits you with a +3 dagger of venom.
* * * LOW HITPOINT WARNING * * *
You are lethally poisoned!
It was a potion of cancellation.
Your magical effects are unravelling.
You feel magically purged.
* * * LOW HITPOINT WARNING * * *
You feel very sick.
The orc wizard points at you and mumbles some strange words.
You resist with some effort.
You feel less attractive to monsters.
It was a potion of haste.
You feel yourself speed up.
* * * LOW HITPOINT WARNING * * *
You feel sick.
The orc wizard points at you and mumbles some strange words.
The magic dart hits you.
* * * LOW HITPOINT WARNING * * *
You closely miss the orc wizard.
The orc wizard is almost dead.
* * * LOW HITPOINT WARNING * * *
You feel sick. The orc wizard casts a spell at you.
You resist with some effort.
You barely miss the orc wizard.
The orc wizard is almost dead.
* * * LOW HITPOINT WARNING * * *
You feel sick.
The orc wizard hits you but does no damage.
You closely miss the orc wizard.
The orc wizard is almost dead.
You die...

.. #.# #.)))....## #.##
... ... #.)####.## #.##
##. ..# #..# #.# #.##
⌠.⌠ #..# #.# ##.# #..#
#.# ##. #..# #.########
#..####.........
#.#######..##...........
....ooo@......######....
....r#########..........
#.# #.#####.... #.#
##... #.# ##.. #.# ##.
#.# ... #.# #.#. #.#
#.#.


You could see an orc wizard, 2 orcs and a rat.

Vanquished Creatures
  3 gnolls (D:3)
  2 adders (D:2)
  A worm (D:2)
  A ball python (D:1)
  3 endoplasms
  A giant cockroach (D:1)
  8 goblins
  2 hobgoblins (D:2)
  7 jackals
  4 kobolds
  3 bats
  7 frilled lizards
  8 rats
50 creatures vanquished.

Notes
Turn   | Place    | Note
-------+----------+-------------------------------------------
     0 | D:1      | bearlyready the Minotaur Cinder Acolyte began the quest for
                  | the Orb.
     0 | D:1      | Reached XP level 1. HP: 19/19 MP: 1/1
    94 | D:1      | Reached skill level 4 in Long Blades
   247 | D:1      | Reached XP level 2. HP: 24/26 MP: 2/2
   793 | D:1      | Found a faded altar of an unknown god.
   853 | D:1      | Reached skill level 5 in Long Blades
  1256 | D:2      | Reached XP level 3. HP: 31/31 MP: 3/3
  1291 | D:2      | Identified the +7 mace "Xirghor" {vorpal, Stlth+}
  1823 | D:3      | Reached XP level 4. HP: 38/39 MP: 4/4
  1841 | D:3      | Reached skill level 6 in Long Blades
  2092 | D:3      | HP: 1/39 [orc wizard (2)]
  2097 | D:3      | HP: 1/39 [poisoned by an orc wizard]
  2098 | D:3      | Succumbed to an orc wizard's poison

Illustrated notes

Levels and vault maps discovered:
D:1:      lemuel_arrival_funnel, layout_basic,
          hellmonk_ecumenical_altar_inner_sanctum
D:2:      layout_rooms
D:3:      layout_loops_ring, nemelex_xobeh_ov_fountains_minmay,
          ebering_ghost_inner_flame

Skill      XL: |  1  2  3  4 |
---------------+-------------+-----
Long Blades    | 4 5 6 |  6.4
Fighting       | |  3.6
Spellcasting   | |  1.0
Fire Magic     | |  2.1

Action                   |  1- 3 |  4- 6 || total
-------------------------+-------+-------++-------
Melee: Falchion          |   105 |    19 ||   124
       Headbutt          |    11 |     3 ||    14
  Use: Potion            |       |     4 ||     4
Armor: Chain mail        |    22 |       ||    22
       Plate armour      |    57 |    13 ||    70
Dodge: Dodged            |    24 |     8 ||    32

Table legend: (Time is in decaauts)
 A = Elapsed time spent in this place.
 B = Non-inter-level travel time spent in this place.
 C = Inter-level travel time spent in this place.
 D = Time resting spent in this place.
 E = Time spent auto-exploring this place.
 F = Levels seen in this place.
 G = Mean time per level.
                   A        B        C        D        E       F      G
               +--------+--------+--------+--------+--------+-----+--------+
         Total |   2101 |   2050 |     51 |      0 |   1717 |   3 |  700.3 |
       Dungeon |   2101 |   2050 |     51 |      0 |   1717 |   3 |  700.3 |
               +--------+--------+--------+--------+--------+-----+--------+

Top non-repeatable levels by time:
     D:1: 1198 daAuts
     D:2: 569 daAuts
     D:3: 332 daAuts
